 Dungeon Crawl Stone Soup version 0.31-a0-1227-g0136665373 (webtiles) character file.

Game seed: 11932662700659482562

268 Curundu the Trooper (level 6, -2/56 HPs)
             Began as a Minotaur Berserker on Dec 15, 2023.
             Was a Believer of Trog.
             Slain by a kobold brigand
             ... wielding a +2 whip of distortion
              (8 damage)
             ... on level 4 of the Dungeon.
             The game lasted 00:07:59 (2223 turns).

Curundu the Trooper (Minotaur Berserker)            Turns: 2223, Time: 00:08:00

Health: -2/56      AC:  3    Str: 24    XL:     6   Next: 0%
Magic:  5/5        EV: 12    Int:  4    God:    Trog [**....]
Gold:   160        SH:  0    Dex:  9    Spells: 5/5 levels left

rFire   . . .        l - +2 short sword (vamp)
rCold   . . .        (no shield)
rNeg    . . .        b - +0 animal skin
rPois   .            (helmet restricted)
rElec   .            d - +0 cloak
rCorr   .            (no gloves)
SInv    .            (no boots)
Will    .....        (no amulet)
Stlth   +            (no ring)
HPRegen 0.29/turn    (no ring)
MPRegen 0.09/turn

%: no passive effects
@: no status effects
A: horns 2, retaliatory headbutt
a: Renounce Religion, Berserk, Trog's Hand


You were on level 4 of the Dungeon.
You worshipped Trog.
Trog was pleased with you.
You visited 1 branch of the dungeon, and saw 4 of its levels.

You collected 160 gold pieces.

Inventory:

Hand Weapons
 l - a +2 vampiric short sword (weapon)
Missiles
 f - 3 curare-tipped darts (quivered)
 s - 5 boomerangs
Armour
 b - a +0 animal skin (worn)
 d - a +0 cloak (worn)
Jewellery
 p - a +6 ring of intelligence
Wands
 g - a wand of flame (14)
Scrolls
 a - a scroll of fear {unknown}
 c - a scroll of vulnerability {unknown}
 e - a scroll of teleportation {unknown}
 h - a scroll of noise {unknown}
 n - a scroll of fog {unknown}
 o - a scroll of identify {unknown}
Potions
 i - a potion of degeneration {unknown}
 j - 2 potions of curing {unknown}
 k - a potion of brilliance {unknown}
 m - 2 potions of cancellation {unknown}
 q - a potion of ambrosia {unknown}
 r - a potion of magic {unknown}
 t - a potion of haste {unknown}
 u - a potion of heal wounds {unknown}


   Skills:
 + Level 5.0 Fighting
 + Level 2.0 Short Blades
 + Level 4.9 Polearms
 + Level 2.1 Throwing
 + Level 2.9 Armour
 + Level 3.4 Dodging
 + Level 0.7 Stealth


You had 5 spell levels left.
You didn't know any spells.
Your spell library contained the following spells:

 Spells                   Type           Power      Damage    Failure   Level
 Apportation              Tloc           0%         N/A       50%         1
 Jinxbite                 Hex            0%         N/A       65%         2
 Alistair's Intoxication  Tmut/Pois      0%         N/A       100%        5


Dungeon Overview and Level Annotations

Branches:
Dungeon (4/15)
 Temple: D:4-7

Altars:

Annotations:
D:4 1 transporter, olourkin's ghost, amateur DsNe


Innate Abilities, Weirdness & Mutations

You have a pair of horns on your head.
You reflexively headbutt those who attack you in melee.


Message History

u - a grey potion
Found a transporter.
There is a transporter here.
You enter the transporter and appear at another place.
An iron imp, a crimson imp and a kobold brigand come into view.
The kobold brigand is wielding a +2 whip of distortion.
The iron imp shouts, "Go and return not, thou fulsome ruttish canker-blossom!"
The crimson imp shouts!
The kobold brigand shouts!
The iron imp barely misses you.
Found a helmet and a scroll labelled NEETIP FIPSO.
Found a transporter.
You hit the iron imp but do no damage.
You headbutt the iron imp, but do no damage.
The iron imp barely misses you.
You hit the iron imp but do no damage. The crimson imp barely misses you.
You hit the crimson imp but do no damage.
The iron imp hits you!
You closely miss the crimson imp.
The crimson imp blinks!
The iron imp barely misses you.
Olourkin's ghost (amateur Demonspawn Necromancer) comes into view.
It is wielding a weapon of speed.
Olourkin's ghost turns its malevolent gaze towards you.
The kobold brigand hits you with a +2 whip of distortion.
The iron imp barely misses you.
You hit the kobold brigand.
The kobold brigand is lightly wounded.
The kobold brigand hits you with a +2 whip of distortion!
Space warps horribly around you!
Olourkin's ghost whispers, "Soon you will have time, lots of time..."
You hit the kobold brigand.
You feel better.
The kobold brigand is lightly wounded.
The crimson imp completely misses you.
The kobold brigand hits you with a +2 whip of distortion.
Space warps horribly around you!
* * * LOW HITPOINT WARNING * * *
The iron imp barely misses you.
You hit the kobold brigand.
You feel better.
The kobold brigand is lightly wounded.
The crimson imp barely misses you.
The kobold brigand hits you with a +2 whip of distortion!
You die...

#.... .. .. ##...# .. ##
.....# . #©## . ....## .
#. ... .# #....# .. ####
.. ... #...# .# ?..#.
...# ###..##.##..
#..##....#
##..©#....#...#5©#©[...#
##...##.#..# #W5@###...#
##....# ###K..# #
.#....# ##.## .....## #.
#.#..# .# #....## . .#
......#### # .........#
..........#


You could see a kobold brigand, an iron imp, olourkin's ghost and a crimson imp.

Vanquished Creatures
  A scorpion (D:4)
  An orc priest (D:3)
  Natasha (thrice) (D:3)
  4 adders
  A worm (D:2)
  2 dart slugs
  6 orcs (D:3)
  6 ball pythons
  7 endoplasms
  3 giant cockroaches
  5 goblins
  4 hobgoblins
  2 jackals (D:2)
  3 kobolds
  3 quokkas
  5 bats
  2 frilled lizards
  4 rats
62 creatures vanquished.

Notes
Turn   | Place    | Note
-------+----------+-------------------------------------------
     0 | D:1      | Curundu the Minotaur Berserker began the quest for the Orb.
     0 | D:1      | Reached XP level 1. HP: 19/19 MP: 0/0
    61 | D:1      | Reached XP level 2. HP: 27/27 MP: 1/1
   210 | D:1      | Reached skill level 4 in Fighting
   829 | D:2      | Reached ** piety under Trog
   842 | D:2      | Reached XP level 3. HP: 33/33 MP: 2/2
  1506 | D:3      | Reached XP level 4. HP: 39/41 MP: 3/3
  1570 | D:3      | Noticed Natasha
  1582 | D:3      | Killed Natasha
  1583 | D:3      | Reached skill level 1 in Throwing
  2065 | D:3      | Noticed Natasha
  2077 | D:3      | Killed Natasha
  2078 | D:3      | Reached skill level 1 in Short Blades
  2078 | D:3      | Reached XP level 5. HP: 37/47 MP: 4/4
  2103 | D:3      | Noticed Natasha
  2109 | D:3      | Killed Natasha
  2167 | D:4      | Reached skill level 5 in Fighting
  2167 | D:4      | Reached XP level 6. HP: 56/56 MP: 5/5
  2206 | D:4      | Found a transporter.
  2215 | D:4      | Found a transporter.
  2220 | D:4      | Noticed olourkin's ghost (amateur DsNe)
  2223 | D:4      | Slain by a kobold brigand

Illustrated notes

Levels and vault maps discovered:
D:1:      dpeg_arrival_fog, layout_basic, minmay_misc_feat_rows
D:2:      layout_rooms, hex_intersection
D:3:      layout_basic, uniq_natasha
D:4:      layout_basic, old_standard_altar, gammafunk_ghost_abyssal_escape,
          roderic_lattice_a, hangedman_decor_slide_cut,
          kennysheep_generic_room_4

Skill      XL: |  1  2  3  4  5 |
---------------+----------------+-----
Polearms       | 4 |  4.9
Fighting       | 4 5 |  5.0
Throwing       | 1 2 |  2.1
Short Blades   | 1 2 |  2.0
Dodging        | 3 |  3.4
Armour         | |  2.9
Stealth        | |  0.7

Action                     |  1- 3 |  4- 6 || total
---------------------------+-------+-------++-------
  Melee: Spear             |    66 |       ||    66
         Headbutt          |    10 |    15 ||    25
         Short sword       |     4 |    84 ||    88
         Punch             |     1 |     1 ||     2
  Throw: Dart              |    13 |     3 ||    16
 Armour: Animal skin       |    32 |    41 ||    73
  Dodge: Dodged            |    49 |    56 ||   105

Table legend: (Time is in decaauts)
 A = Elapsed time spent in this place.
 B = Non-inter-level travel time spent in this place.
 C = Inter-level travel time spent in this place.
 D = Time resting spent in this place.
 E = Time spent auto-exploring this place.
 F = Levels seen in this place.
 G = Mean time per level.
                   A        B        C        D        E       F      G
               +--------+--------+--------+--------+--------+-----+--------+
         Total |   2230 |   2230 |      0 |      0 |   1591 |   4 |  557.5 |
       Dungeon |   2230 |   2230 |      0 |      0 |   1591 |   4 |  557.5 |
               +--------+--------+--------+--------+--------+-----+--------+

Top non-repeatable levels by time:
     D:3: 833 daAuts
     D:1: 783 daAuts
     D:2: 506 daAuts
     D:4: 107 daAuts
